Description

This build order is a counter to cannon rush when you react to late against them: Proxy double robo.

You can do it with your scouting probe as soon as you see the cannon rush.

VOD

https://youtu.be/JQFDCDj3Y4k

Replay - AMERICA v zuka - Acropolis LE

Build Order

Get SALT Encoding   

  12  0:01  Probe  
  13  0:13  Probe  
  14  0:17  Pylon  
  14  0:21  Probe  
  15  0:31  Probe  
  16  0:37  Gateway  
  16  0:41  Probe  
  16  0:46  Assimilator  
  17  0:53  Probe  
  17  0:56  Assimilator  
  18  1:06  Probe  
  19  1:18  Probe  
  20  1:28  Cybernetics Core  
  20  1:30  Probe  
  21  1:43  Pylon  
  23  1:56  Pylon  
  23  2:05  Robotics Facility x2  
  21  2:09  Probe  
  22  2:18  Pylon  
  22  2:48  Warp Prism, Immortal  
  25  3:15  Immortal  
  26  3:37  Immortal  
Spawning Tool Build Advisor. Get it on Overwolf

Go to:

Details

  • Created by: zuka      
  • Published on: Jul 08, 2019
  • Patch: 4.7.1
Show
View Real Time Build Order
Export as new Build Order

Comments (0)

There are no comments. Be the first!

Create an account to comment!